[Event "44th Chess Olympiad Open 2022"]
[Site "Chennai"]
[Date "2022.08.07"]
[Round "9.13"]
[White "Navara, David"]
[Black "Henriquez Villagra, Cristobal"]
[Result "1-0"]
[WhiteElo "2688"]
[BlackElo "2620"]
[Annotator "TA"]
[PlyCount "85"]
[EventDate "2022.??.??"]
[TimeControl "60"]

1. e4 c5 2. Nf3 d6 3. d4 cxd4 4. Nxd4 Nf6 5. Nc3 Nc6 6.
Bg5 e6 7. Qd2 a6 8. O-O-O Bd7 9. f3 Nxd4 10. Qxd4 Be7 {[%emt 0:00:50] B67:
Sicilian: Richter-Rauzer: 7...a6 8 0-0-0 Bd7, lines without 9 f4 Be7.} 11. Be3 h5 {[%emt 0:11:07] Prevents g4.} 12. Kb1 Rc8
{[%emt 0:13:37] [#] The position is equal.} 13. Be2 $146 ({
Predecessor:} 13. h4 Bc6 14. Be2 O-O 15. g4 hxg4 16. h5 gxf3 17. Bxf3 Nh7 18.
h6 e5 19. Qd2 {½-½ (29) Schirmer,M-Wosch,A (2552) IECC email 2014}) 13... Qc7 14. Bg5 b5 15. a3 Qc5 16. h4 Bc6 17.
Rd2 Qxd4 18. Rxd4 d5 19. a4 Bc5 20.
Rdd1 dxe4 21. axb5 axb5 22. Bxb5 exf3 23.
gxf3 Bb4 24. Rd3 Bxb5 25. Nxb5 Nd5 26. c3 Be7 27. Re1 {[%emt 0:06:11][%cal Yd3d5] Black must
now prevent Rxd5!} Bxg5 28. Nd6+ Kd7 29. Nxc8 {[%emt 0:00:09] aiming for Nb6+.} Bxh4 30. Re4 {[%emt 0:01:19] And now Nb6+ would win.} Kxc8 31.
Rxh4 $11 {[%emt 0:00:09] Endgame KRR-KRN} g5 32. Ra4 Rh7 33. c4 Nc7 34.
Kc2 {[%emt 0:05:45] White is more active.} f5 35. b4 h4 $2 {[%emt 0:00:25] [#] Black cannot hold the game after this.} (
35... g4 $16) 36. b5 $1 $18 {[%emt 0:00:04] Ra7 is the strong threat.} h3 (36... Kb7 $142 37. Rda3 Kb6) 37. b6 {[%emt 0:00:17] Intending
Ra7 and mate.} h2 {[%emt 0:03:39] [#]} (37... Kb7 $142 38. bxc7 Rxc7 39. Rb3+
Kc8 40. Ra8+ Kd7) 38. Ra7 $1 {[%emt 0:00:11] White wants to mate with b7+.}
h1=Q 39. b7+ {[%emt 0:00:07] White mates.} Kb8 40. Rd8+ Kxa7 41. b8=Q+ Ka6 42. Rd6+ Ka5 43. Qb6+ {
[%emt 0:00:09] Weighted Error Value: White=0.14 (very precise) /Black=0.47.
Loss on time!?} 1-0

[Event "44th Chess Olympiad Open 2022"]
[Site "Chennai"]
[Date "2022.08.07"]
[Round "9.13"]
[White "Hracek, Zbynek"]
[Black "Salinas Herrera, Pablo"]
[Result "1/2-1/2"]
[WhiteElo "2555"]
[BlackElo "2526"]
[Annotator "TA"]
[PlyCount "82"]
[EventDate "2022.??.??"]
[TimeControl "60"]

1. e4 e5 2. Nf3 Nc6 3. Bb5 a6 4. Ba4 Nf6 5. O-O d6 6. Re1 Bd7 7. c3 g6 8. d4 Bg7 9. Nbd2 O-O 10. h3 Re8 {[%emt 0:00:13] C60: Ruy Lopez: Unusual
Black 3rd moves and 3...g6.} 11. Bc2 a5 12.
Nf1 a4 {[%emt 0:00:09] White is slightly better.} 13. Ng3 b5 14. Be3 Qe7 15. Qd2 {[%emt 0:02:46] [#]} Na5 $146 ({Predecessor:} 
15... Reb8 16. d5 Na5 17. b3 c5 18. dxc6 Bxc6 19. Rad1 Ne8 20. Bh6 Bd7 21. Bg5
Qf8 {½-½ (87) Caruana,F (2792)-Sjugirov,S (2680) Chess.com INT 2022}) 16. b3
{[%emt 0:00:14] Against Nc4} c5 17. Bg5 cxd4 18. cxd4 Rec8 19. Rab1 axb3 20. axb3 b4 21. d5 Qd8 22. Bd3 Rc3 23. Qd1 Qb8 24. Bf1 Rc8 25. Bd2 Qb6 26. Be3 Qb8 27. Nd2 Be8 28. Nc4 Nd7 {[%emt 0:00:04] Inhibits Nb6.}
29. Ra1 Nxc4 30. Bxc4 Nc5 31. Qd2 Qb6 32. Ra2 Ra5 33. Rea1 Rca8 34. Ne2 (34. Kh2 {looks sharper.} Bf8 35. Ne2 Rxa2 36. Rxa2
Rxa2 37. Qxa2 Bb5 38. Qc2) 34... f5 35. Rxa5 (35. exf5 {with more complications.} gxf5 36. Rxa5 Rxa5 37. Rxa5 Qxa5 38. Qe1)
35... Rxa5 36. Rxa5 (36. Qe1 {is interesting.
} f4 37. Rxa5 Qxa5 38. Bd2) 36... Qxa5 37. Bxc5 Qxc5 {[%emt 0:00:06] The position is equal.} 38. exf5 gxf5 39. Ng3 Bg6 40. Qg5 Qc8 41. h4 {[%emt 0:15:12] [#] Hoping for h5.}
Qf8 {[%emt 0:00:09] Weighted Error Value: White=0.04 (flawless) /Black=0.06 
(flawless)} (41... f4 $11 {keeps the balance.} 42. h5 fxg3 43. hxg6 gxf2+ 44.
Kf1 (44. Kxf2 h6 $11) 44... h6) 1/2-1/2

[Event "44th Chess Olympiad Open 2022"]
[Site "Chennai"]
[Date "2022.08.07"]
[Round "9.13"]
[White "Morovic Fernandez, Ivan"]
[Black "Nguyen, Thai Dai Van"]
[Result "0-1"]
[WhiteElo "2489"]
[BlackElo "2629"]
[Annotator "TA"]
[PlyCount "86"]
[EventDate "2022.??.??"]
[TimeControl "60"]

1. d4 Nf6 2. c4 e6 3. Nc3 Bb4 4. e3 O-O 5. Bd2 c5 6. a3 {[%emt 0:00:
00] E46: Nimzo-Indian: Rubinstein: 4 e3 0-0 5 Ne2 without early Bd3.} Bxc3 7. Bxc3 Ne4 8. Ne2 {[%emt 0:
00:00] The position is equal.} b6 9. d5 Bb7 ({Much less strong is} 9... Qh4 10. g3 Qh5 11. Bg2 exd5 12. Qc2
$14 (12. cxd5 f5 $14) (12. Qxd5 Qxd5 13. cxd5 f5 $14)) 10. f3 Nxc3 11. Nxc3 exd5 12. cxd5 d6 13. e4 {[%emt 0:02:08] [#]} Nd7 $1 $146 {
[%emt 0:10:19] A relevant novelty.} ({Predecessor:} 13... a6 14. Bd3 b5 15. Qd2
Nd7 16. O-O Qf6 17. Kh1 Ne5 18. Be2 g5 19. Nd1 Ng6 {0-1 (60) Anton Guijarro,D 
(2675)-Nakamura,H (2736) chess24.com INT 2020}) 14. Be2 f5 15. exf5 Rxf5 (15... Qg5 {
is interesting.} 16. g4 Qh4+ 17. Kd2 g6) 16. O-O Qe7 17. Qd2 Raf8 18. f4 (18. Rae1 $5 ) 18... g5 19. fxg5 (19. g3 {seems wilder.} gxf4 20. Bg4 f3 21. Bxf5 Rxf5 22. Rae1)
19... Qxg5 20. Qxg5+ Rxg5 21. Bf3 Ba6 22. Rf2 Ne5 23. Be4 Rxf2 (
23... h5 {keeps more tension.} 24. a4 Rxf2 25. Kxf2 Kf8) 24. Kxf2 Ng4+ 25. Kg1 Bc4 26.
Rd1 Bb3 27. Rd2 Re5 28. h3 Nf6 29. Bf3 a6 30. a4 (30. Kf2 $11) 30... Kf7 $17
{[%emt 0:03:20] Black is more active.} 31. Kf2 Ke7 32. Re2 (32. g4 $15) 32... Rxe2+ 33.
Bxe2 Nxd5 34. Nxd5+ Bxd5 35. Bxa6 {[%emt 0:00:01] Endgame KB-KB} Bb3 36. Bb5 Kf6 37. Ke3 Ke5 38. Kd3 (38. h4 $17) 38... Kf4 $19 {[%emt 0:
05:25] Strongly threatening ...Bd5.} 39. Bc6 Bf7 40. Kc3 $2 (40. Be4 h5 41. Bf3) 40... d5 {[%emt 0:00:01]
[%cal Yd6d5,Yd5d4,Yd4d3] Black is clearly winning.} 41. b4 cxb4+ 42. Kxb4 d4 {[%emt 0:00:00] [#] And
now ...d3 would win.} 43. Bf3 d3 {[%emt 0:00:47] Weighted
Error Value: White=0.48/Black=0.06 (flawless)} 0-1

[Event "44th Chess Olympiad Open 2022"]
[Site "Chennai"]
[Date "2022.08.07"]
[Round "9.13"]
[White "Lopez Silva, Hugo"]
[Black "Zwardon, Vojtech"]
[Result "0-1"]
[WhiteElo "2403"]
[BlackElo "2503"]
[Annotator "TA"]
[PlyCount "82"]
[EventDate "2022.??.??"]
[TimeControl "60"]

1.
e4 c5 2. Nf3 d6 3. d4 cxd4 4. Nxd4 Nf6 5. Nc3 g6 6. Be3 Bg7 7. f3 O-O 8. Qd2 Nc6 9. O-O-O d5 10. Qe1 e5 11. Nxc6 bxc6 12. exd5 Nxd5 13. Bc4 Be6 14. Ne4 Qb8 15. Bc5 {[%emt 0:03:43] B76: Sicilian Dragon: Yugoslav Attack, 9 g4 and 9
0-0-0.} Rd8 16. g4 Nf4 17. Qc3 {[%emt 0:04:31] [#] White has an edge.} Qb7 $146 ({Predecessor:} 17... Rd5 18. Kb1 Rxc5 19. Nxc5 e4 20. Rd4 Qb6
21. Bxe6 Nxe6 22. Rb4 Bxc3 23. Rxb6 axb6 24. Nxe6 fxe6 25. bxc3 exf3 26. Kc1
Rxa2 27. Kd2 Ra4 28. h3 Rf4 29. Ke3 e5 {0-1 (29) Jeran,B (2199)-Plenca,J (2351)
Ljubljana 2013}) 18. g5 Rab8 19. b3 Nd5 (19... Bxc4 $14 20. Rxd8+ Rxd8 21. Qxc4 h5) 20.
Qa5 $16 Bh3 (20... h5 $16) 21. Rd2 $18 (21. Qxa7 Qxa7 22. Bxa7 Ra8 $11) 21... h6 (
21... Rd7 {was worth a try.} 22. Rhd1 Qa8) 22. Rhd1 $1 (22.
Qxa7 Qxa7 23. Bxa7 Ra8 $15) 22... hxg5 23. Ba6 $1 Qa8 24. c4 (24. Nxg5 Bf5 $14) 24... g4 25. cxd5 cxd5 {[%emt 0:00:44] [#]}
26. Nf2 $2 (26. Qc7 gxf3 27. Rxd5 (27. Bxa7 $2 Rbc8 $19) (27.
Qxa7 $2 Qxa7 28. Bxa7 Ra8 $19) (27. Ng5 Rd7 $11) 27... Rxd5 $16) (26. Bc4 $1
$18 {and the rest is easy.} Bh6 27. Nf6+ (27. Bxd5 Rxd5 28. Nf6+ Kh8 $11) 27...
Kg7 28. Bxd5 Rxd5 29. Nxd5) 26... Bg2 $16 27. Nxg4 (27. fxg4 $16 {And now g5 would win.} Bf3 28. Be2 Bxe2 29. Rxe2) 27...
Bxf3 $11 28. Rg1 Bxg4 29.
Rxg4 {[%emt 0:00:00] Threatens to win with Rc2.} Bh6 30. Kb2 {
[%emt 0:01:18] Strongly threatening Rc2.} Bxd2 31. Qxd2 Qc6 $36 {[%emt 0:00:08][%csl Ya6,Yc5] Black is more active.}
32. Qa5 Rd7 {[%emt 0:03:32][%cal Yd8d7,Yd7c7,Yc7c3,Yc3e3]
aiming for ...Rc7.} 33. Be2 $2 {[%emt 0:00:30] This bishop pair is nice.} (33.
Rg1 $11 {and White is okay.}) 33... Rc7 $19 34. Be3 Qc2+ $1 ({Weaker is} 34... d4 35. Bh6 $17) 35. Ka3 Rc3 36. Rxg6+ {
[%emt 0:00:58] [#]} Kh7 $1 {[%emt 0:00:00][%cal Rc3b3,Yg8h7,Yh7g7,Yg7h6] The
board is on fire.} ({Stronger than} 36... fxg6 37. Qxd5+ Kh7 38. Qf7+ Kh8 39.
Qf6+ Kh7 40. Qf7+ Kh8 41. Qf6+ Kh7 42. Qf7+ $11) ({Worse is} 36... Qxg6 37.
Qxc3 d4 38. Qc7 $15) 37. Rh6+ $2 {[%emt 0:00:39] [#]} (37. Qxd5 Qxg6 38. Qxe5)
37... Kg7 $1 38. Qxd5 (38. Rh7+
$142 Kxh7 39. Qxd5) 38... Rxe3 39. Bc4 Kxh6 40. Qxf7 Qg6 {[%emt 0:00:51] ( -> ...Qd6+)}
41. Qxa7 Qd6+ {[%emt 0:30:01] Black used his chance. Weighted
Error Value: White=0.82/ Black=0.15 (very precise)} 0-1

[Event "44th Chess Olympiad Open 2022"]
[Site "Chennai"]
[Date "2022.08.07"]
[Round "9.14"]
[White "Banusz, Tamas"]
[Black "Borisek, Jure"]
[Result "1-0"]
[WhiteElo "2611"]
[BlackElo "2577"]
[Annotator "TA"]
[PlyCount "79"]
[EventDate "2022.??.??"]
[TimeControl "60"]

1. Nf3 d5 2. g3 Nc6 3. d4 Bf5 4. Bg2 e6 5. O-O Nb4 6. Na3 Be7 7. c3 {[%emt 0:00:
00] D02:1 d4 d5 2 Nf3 sidelines, including 2...Nf6 3 g3 and 2...Nf6 3 Bf4.} Nc6 8. Qa4 $5 {[%emt 0:00:30] Leaves trodden paths.} Nf6 9. Ne5 {[%emt 0:00:38] The position is equal.} O-O 10.
Nxc6 bxc6 11. Qxc6 {[%emt 0:00:11] [#]} h5
$146 (11... Rb8 $11) ({Predecessor:} 11... Rb8 12. Qa4 c5 13.
dxc5 Bxc5 14. b4 Bb6 15. Bf4 Rc8 16. Rac1 Ne4 17. c4 dxc4 18. Nxc4 {1-0 (50)
Efimenko,Z (2602)-Bluebaum,M (2647) Chess.com INT 2020}) 12. c4 $14 Rb8 13. c5 Qd7 $1 14. Qxd7 Nxd7 15. e4 dxe4 16. Nc4 Rb4 17. b3 $36 {
[%emt 0:03:08] White is in control. White stays focused until the end.} Nb8 18. Bd2 Rb5 19. Na5 {[%emt 0:
02:49] Inhibits Nc6. White is more active.} Bg5 20. Bxg5 $18 Rxa5 21. a4 {[%emt 0:01:33] [#] Prevents Rb5.
aiming for b4.} Nc6 22. b4 Nxb4 23. Bd2 Nc6 (
23... Rb8 $2 24. Rfb1 e5 25. Rxb4 $18) 24. Bxa5 Nxa5 25. Rfe1 Rd8 26. Bxe4 Nb3 27. Ra3 Bxe4 28. Rxb3 ({Resist} 28. Rxe4 $6 Nxd4 29. Kg2 Rd5 $16) 28... Rxd4 {
[%emt 0:02:23] Endgame KRR-KRB} 29. Rb8+ Kh7 30. Rc8 Rxa4 31. Rxc7 Rc4 {
[%emt 0:00:04] Prevents Rc1.} 32. Rxf7 {[%emt 0:01:48] [#] And now Rf4 would
win.} Bd5 33. Rxa7 Rxc5 34.
f4 Kh6 35. Re5 {[%emt 0:05:39] Strongly
threatening h4.} g6 36. Kf2 {[%emt 0:02:20] Hoping for h4.}
Rc4 $2 (36... Rc2+ 37. Re2 Rc3) 37. h4 Rc3 38. Re3 {[%emt 0:00:07] Inhibits Rf3+.} Rc2+ 39. Ke1 Rc8 40. Re7 {[%emt 0:00:59] Weighted
Error Value: White=0.04 (flawless) /Black=0.22 (precise)} 1-0

[Event "44th Chess Olympiad Open 2022"]
[Site "Chennai"]
[Date "2022.08.07"]
[Round "9.14"]
[White "Erdos, Viktor"]
[Black "Sebenik, Matej"]
[Result "1-0"]
[WhiteElo "2586"]
[BlackElo "2512"]
[Annotator "TA"]
[PlyCount "77"]
[EventDate "2022.??.??"]
[TimeControl "60"]

1. e4 c5 2. Nf3 d6 3. d4 cxd4 4. Qxd4 Nc6 5. Qe3 g6 6. Be2 {[%emt 0:02:41] B53: Sicilian: 2...d6: Lines with Qxd4.}
Bg7 7. O-O Nf6 8. Nc3 {
[%emt 0:01:05] The position is equal.} O-O 9. Rd1 Be6 10. Nd5 Rc8 11. c3
{[%emt 0:01:15] [#]} Ng4 $146 (11... Qa5 $5 ) ({
Predecessor:} 11... Re8 12. Qf4 Qa5 13. Qh4 Nxd5 14. exd5 Bxd5 15. b4 Bxf3 16.
bxa5 Bxe2 17. Rd5 Bxc3 {½-½ (33) Esipenko,A (2677)-Vachier Lagrave,M (2784)
Wijk aan Zee 2021}) 12. Qf4 h6 13. Qg3 Nge5 14. Ne1 {[%emt 0:
13:52] White is more active.} Nb8 15. Qh4 g5 16. Qg3 Ng6 {[%emt 0:01:58] Against h4} 17.
Nd3 {[%emt 0:06:44] f4 is the strong threat.} Rc4 18. f3 Nd7 19. Ne3 Rc8 (19... Ra4 $14) 20. Nf5 Bxf5 (20... Nf6
$14) 21. exf5 $16 Nh4 {[%emt 0:00:02] [#]} 22. Qh3 {[%emt 0:
01:51] Hoping for g3.} Qa5 23. f4 Nxf5 24. fxg5 hxg5 25. Bg4 e6 (25... Qb6+ $2 26. Kh1 e6 27. Bxf5 (27.
Bxg5 Qb5 $16) 27... exf5 28. Qxf5 $18) 26. Bxg5 {[%emt 0:02:01] Strongly
threatening Rf1.} Nf6 $2 {[%emt 0:01:10] [#] Black cannot hold the game after
this.} (26... Qb6+ $16 {is a better defense.} 27. Kh1 Qb5) 27. Bxf5 (27. Bxf6 $142 Bxf6 28. Rf1) 27... Qxf5 $18 28. Qxf5
$40 {[%emt 0:00:31] White has strong attack.} exf5 29. Bxf6 Bxf6 30. Rf1 Be5 31. Rxf5 f6 32. Raf1 Kg7 33. g4 Rc4 34. h3 Rh8 35. Kg2 Re4 (35... Rh6 $142 36. Nxe5 dxe5) 36. Nxe5 Re2+ 37. Kg3 fxe5 (37... dxe5 $18 38. Rxf6
Re3+ 39. R6f3 Rxf3+ 40. Rxf3 Rd8) 38. Rf7+ (38. Rg5+ $142 Kh6
39. Kh4 Rg8 40. Rf6+ Kh7 41. Rf7+ Kh6 42. Rxg8 Re4 43. Rg5) 38... Kg6 39. R1f6+ {[%emt 0:00:22] Weighted Error Value: White=0.10 (very
precise) /Black=0.63} 1-0

[Event "44th Chess Olympiad Open 2022"]
[Site "Chennai"]
[Date "2022.08.07"]
[Round "9.14"]
[White "Subelj, Jan"]
[Black "Berkes, Ferenc"]
[Result "1/2-1/2"]
[WhiteElo "2498"]
[BlackElo "2649"]
[Annotator "TA"]
[PlyCount "70"]
[EventDate "2022.??.??"]
[TimeControl "60"]

1. e4 e5 2. Nf3 Nc6 3. Bb5 a6 4. Ba4 Nf6 5. O-O Be7 6. Re1 b5 7. Bb3 O-O 8. a4 Bb7 9. d3 d6 10. Nc3 Nd4 {[%emt 0:07:02] C88: Closed Ruy Lopez:
Anti-Marshall Systems.} (10... Na5 $11) 11. Nxd4 $1 $14 exd4 12. Nd5 Nxd5 13. Bxd5 Bxd5 (13... c6 $5 14. Bb3 Qc7
$11) 14. exd5 Qd7 15. b3 Bf6 16. Qf3 {[%emt 0:02:36] Inhibits Qf5.} Rfe8 {[%emt 0:09:44]
[%cal Re8e1] [#]} 17. Bd2 Rxe1+ 18. Bxe1 {
[%emt 0:00:06] [#]} Re8 $146 ({Predecessor:} 18... Qe8 19. Bd2
Be5 20. g3 g6 21. Bh6 f5 22. h4 a5 23. axb5 Qxb5 24. Ra4 Qc5 {1-0 (52) Lagno,K
(2541)-Dornbusch,T (2302) Monte Carlo 2017}) 19. Bd2 Qd8 20. g3 Bg5 21. Bxg5 Qxg5 22. axb5 axb5 {[%emt 0:00:05]
Endgame [#] KQR-KQR} 23. Qe4 $1 Qe5 24. Ra7 ({Better is} 24. Qxe5 $14 dxe5 25. Ra7) 24...
Qxe4 $11 25. dxe4 {[%emt 0:00:10] KR-KR} Kf8 26. f3 f5 $1 27. exf5 Re3 28. Rxc7 {[%emt 0:04:14] And now Kf2 would win.} Rxf3 29. f6 gxf6 30. Rxh7 d3 31. cxd3 Rxd3 32. Kf2 Rxb3 {[%emt 0:02:53] The position is equal.} 33. Rd7 Rd3 34. Rxd6 Ke7 35.
Re6+ Kf7 {[%emt 0:00:07] Weighted Error Value: White=0.07 
(flawless) /Black=0.08 (flawless)} 1/2-1/2

[Event "44th Chess Olympiad Open 2022"]
[Site "Chennai"]
[Date "2022.08.07"]
[Round "9.14"]
[White "Dobrovoljc, Vid"]
[Black "Acs, Peter"]
[Result "1/2-1/2"]
[WhiteElo "2398"]
[BlackElo "2575"]
[Annotator "TA"]
[PlyCount "40"]
[EventDate "2022.??.??"]
[TimeControl "60"]

1. e4 c5 2. Nf3 d6 3. Bb5+ Bd7 4. c4 Nc6 5. d4 cxd4 6. Nxd4 g6 {[%emt 0:02:46] B54: Sicilian: 2...
d6 3 d4 cxd4 4 Nxd4, Unusual Lines .} 7. O-O Bg7 8. Bxc6 {[%emt 0:00:17] has lost popularity (8.Be3).} Bxc6 9. Nc3 Nf6 10. Re1 O-O 11. b3 a5 {[%emt 0:20:07][%cal Ya5a4] [#]} 12.
Rb1 $146 ({Predecessor:} 12. Bb2 Nd7 13. Qd2 Nc5 14. Rad1 Bd7
15. h3 a4 16. b4 a3 17. Ba1 Na4 18. Nb1 {1-0 (40) Cornette,M (2586)-Moussard,J
(2487) Saint Quentin 2015}) 12... Nd7 13. Be3 {[%emt 0:04:12]
White is more active.} Nc5 14. Qc2 Bd7 15. Rbd1 Rc8 16. h3 Re8 17. a4 Na6 18.
Qd2 Nc5 19. Qc2 Na6 $1 20. Qd2 Nc5 {[%emt 0:01:20] Weighted Error
Value: White=0.16 (very precise) /Black=0.09 (flawless)} 1/2-1/2

[Event "44th Chess Olympiad Open 2022"]
[Site "Chennai"]
[Date "2022.08.07"]
[Round "9.15"]
[White "Lupulescu, Constantin"]
[Black "Schitco, Ivan"]
[Result "0-1"]
[WhiteElo "2628"]
[BlackElo "2490"]
[Annotator "TA"]
[PlyCount "136"]
[EventDate "2022.??.??"]
[TimeControl "60"]

1. d4 d5 2. Nf3 Nf6 3. c4 e6 4. cxd5 exd5 5. Nc3 c6 6. Qc2 g6 7. Bg5 Be7 8. e3 Bf5 9. Bd3 Bxd3 10. Qxd3 Nbd7 11. Bh6 Bf8 12. Bf4 {[%emt 0:00:45] D36: Queen's Gambit Declined: Exchange Variation:
Main line (5 Bg5 c6 6 Qc2).} Nh5 {[%emt 0:07:32] [#]} 13. O-O-O $146 ({Predecessor:} 13. Bg5 Be7 14. Bh6 Bf8 15. Bxf8 Kxf8 16. O-O Kg7 17.
b4 a6 18. a4 Qe7 19. b5 axb5 20. axb5 {1-0 (55) Volkov,S (2625)-Kapnisis,S 
(2429) Korinthos 2004}) 13... Nxf4 14. exf4 {[%emt 0:00:14]
The position is equal.} Bd6 15. g3 Qf6 16. Rde1+ Kd8 17. h4 h5 18. Ne5 Nb6 19. Qc2 Re8 20. Re3 Re7 21. Rhe1 Rc8 22. Kb1 Rcc7 23. a4 a5 24. Qb3 Nc8 25.
Ka1 Qf5 26. Nd1 $1 Bb4 27. R1e2 Qf6 28. Nc3 (28. Rf3 $11 {keeps the balance.}) 28... Nd6 $17 29. Rd3 Nf5 30. Nd1 Qg7 ({Better is} 30... Qe6 $1 {aiming for ...f6.} 31. Rc2 f6) 31.
Rc2 f6 32. Nf3 Qf8 33. Nc3 Qe8 34. Na2 Re2 35. Nxb4 axb4 36. Ka2 Rxc2 {[%emt 0:02:37] Black is more active.} 37. Qxc2 Qe4 38. Qb3 $2 (38. Qd2 $1 $15) 38...
Re7 39. Rd1 (39. Kb1 $17) 39... Qe2 $2 ({Black should try} 39... b5 $1 $19 {[%cal Rb5a4] Threatens to
win with ...bxa4.} 40. a5 Ra7) 40. Rd2 $15 Qe4 (40... Qa6 $15) 41. Rd1 $19 {[%emt 0:05:54] [#] Black keeps a firm grip on
the game.} b5 $1 42. a5 {[%emt 0:10:33] And now Re1 would win.
} Ra7 43. Qd3 Rxa5+ 44. Kb3 Qxd3+ 45. Rxd3 {
[%emt 0:00:04] Endgame [#] KRN-KRN} Ra1 {[%emt 0:00:06] Inhibits Rd1.} 46. Kxb4 Rf1 47. Rd2 Nd6 48. Re2 Ne4 49. Nd2 $2 (49. Ka5 {was called for.}) 49... Rxf2 50. Rxf2 Nxf2 {[%emt 0:00:04] KN-KN} 51. Nf1 Ne4 52. Kb3 Kd7 53. Kc2 Ke6 54. Kd3 b4 55. Kc2 $2 (55. Ke2) 55... c5 56. dxc5 Nxc5 {[%emt 0:00:06] Hoping for ...d4.} 57. Ne3 Ne4 58. Kb3 (58. g4 $142 d4 59. f5+ gxf5 60. gxf5+ Kd6 61.
Nf1) 58... d4 59. Nc2 Nxg3 {[%emt 0:00:55] ..
.Kf5 is the strong threat.} ({Avoid the trap} 59... d3 $2 60. Nxb4 d2 61. Kc2
$19) 60. Nxd4+ Kd5 61. Nc2 Nf5 62. Nxb4+ Ke4 63. Kc4 Kxf4 {[%emt 0:00:30] White must now prevent .. .g5.} 64. Nd5+ Ke5 (64... Kf3 $142 65. Nxf6 g5 66. hxg5 h4)
65. b4 g5 66. Nb6 gxh4 {[%emt 0:00:56] Black mates.} 67. Nd7+ Kf4 68. Nxf6 h3 {[%emt 0:00:12] Weighted
Error Value: White=0.42/Black=0.14 (very precise)} 0-1

[Event "44th Chess Olympiad Open 2022"]
[Site "Chennai"]
[Date "2022.08.07"]
[Round "9.15"]
[White "Gavrilescu, David"]
[Black "Baltag, Iulian"]
[Result "0-1"]
[WhiteElo "2525"]
[BlackElo "2405"]
[Annotator "TA"]
[PlyCount "150"]
[EventDate "2022.??.??"]
[TimeControl "60"]

1. e4 c5 2. Nf3 Nc6 3. Bb5 Nf6 4. Bxc6 dxc6 5. d3 Qc7 6. h3
{[%emt 0:01:48] B30: Sicilian: 2...Nc6 3 Bb5, lines without ...g6.} e5 7. O-O h6 8. Nbd2 {[%emt 0:
00:00] White has an edge.} Be6 {[%emt 0:00:06] [#]} 9. Nc4 $146 ({Predecessor:} 9. a3 a5 10. Re1 Be7 11. b3 a4 12. Bb2 Nd7 13. b4 cxb4 14.
axb4 b5 15. d4 {0-1 (37) Fichter,F (2251)-Barski,R (2437) Germany 2020}) 9...
Nd7 10. a4 g5 11. c3 (11. Nh2 $142) 11... O-O-O 12. Qe2 f6 13. Be3 h5 14.
Nfd2 (14. Rfb1 $11) 14... Be7 15. a5 g4 16. h4 Nb8 17. b4 Qd7 18. Bxc5 (18.
Nb2 $1 $11 {remains equal.}) 18... Bxc5 $17 {[%emt 0:00:52] White is now going
downhill.} 19. bxc5 Qxd3 20. Qxd3 Rxd3 21. Rfb1 (21. Rab1 $17 Kc7 22.
Nd6) 21... Kc7 $1 $19 22. Nd6 Bc8 23. N2c4 (23. Nxc8 $142 Rxc8 24. Nf1) 23... Na6 24. Nb2 Rxc3 25. Na4 Rc2 (25... Nxc5 26. Nb5+ cxb5 27. Nxc3 $11)
26. Rc1 Rxc1+ 27. Rxc1 {[%emt 0:00:02] [#]}
Nxc5 $1 28. Nxc8 Nxa4 29.
Nxa7 {[%emt 0:00:04] Endgame KRN-KRN} Ra8 30. Nb5+ Kd7 31. Rd1+ Ke7 32.
Nd6 Nc5 $1 (32... Rxa5 33. Nf5+ Ke8 34. Nd6+
Kf8 35. Nxb7 $17) 33. Nf5+ Kf7 34. Rb1 Ke6 {[%emt 0:23:53] Inhibits Nd6.} ({Weaker is} 34... Rxa5 35.
Nd6+ Kg6 36. Nxb7 Nxb7 37. Rxb7 $17) (34... Nxe4 35. Rxb7+ Ke6 36. Ng7+ Kd6 37.
Rb4 $17) 35. Ng7+ Ke7 $1 36. Nf5+ Kd7 37. Rd1+ Kc7 38.
Ng7 Rh8 ({Stronger than} 38... Rxa5 39. Ne8+
Kc8 40. Nxf6 $17) ({Not} 38... Nxe4 39. Ne6+ Kb8 40. Rd8+ Ka7 41. Rxa8+ Kxa8
42. Kf1 $17) 39. Re1 $2 (39. Kf1 $17 {might work better.})
39... Nb3 40. Rd1 Nxa5 41.
Ne6+ Kc8 42. Kh2 b5 43. Kg3 Nc4 44. f4 gxf3 45. Kxf3 Rg8 {[%emt 0:00:42]
Inhibits g4.} 46. g3 Kb7 47. Nc5+ Kb6 48. Nd7+ Kc7 {[%emt 0:00:07]
White must now prevent ...Rd8.} 49. Nc5 Rg4 50. Ra1 $2 (50. Kf2 {was necessary.}) 50... Nd6 (50... Nd2+ $142 51. Ke3 Nb3 $1 52. Nxb3 Rxg3+ 53. Kf2 Rxb3 54. Ra7+ Kb6)
51. Ra6 $2 (51. Rd1) 51... Nb7 52. Nd3 Kd6 53. Nb4 (53. Ra8 $142)
53... Nd8 54. Nd5 Rg7 55.
Ne3 {[%emt 0:00:29] Hoping for Nf5+.} Rb7 56. g4 hxg4+ 57. Kxg4 Ke6 58.
Ra8 Nf7 59. Ra6 {[%emt 0:00:50] [#]} Rc7 60. Nd5 (60. h5 $142) 60... f5+ 61. Kh3 Rc8 62. Nb4 Nd8 63. exf5+ Kxf5 64. Kg3 Ke4 {[%emt 0:02:14] Strongly threatening ...c5.} 65. h5 $2 (65. Ra1) 65... c5 66. Na2 b4
{[%emt 0:00:21][%cal Yb5b4,Yb4b3] Inhibits Nc3+.} 67. h6 Nf7 68. Rf6 {[%emt 0:00:00] [#]} Nxh6 $1 {[%emt 0:02:28] Threatens
to win with ...Rg8+.} 69. Rxh6 {[%emt 0:00:04] KRN-KR} (69. Ra6 Rg8+) 69... b3 70. Nc3+ Kd3 71. Na4 c4 72. Kg4 c3 73. Rh3+ Kd4 {[%emt 0:00:17] ( -> ...c2)} 74. Nxc3 Rxc3 75. Rh8 Rc4 {[%emt 0:00:38]
Weighted Error Value: White=0.33/Black=0.15 (very precise)} (75... b2 $142 76.
Rb8 Rc2 77. Kf5 Rf2+ 78. Kg4 Rf4+ 79. Kg5 Kc3 80. Kh6 Rb4 81. Rc8+ Kb3 82. Rg8
b1=Q 83. Rg3+ Kc4 84. Kg5 Rb6 85. Rg4+ Kd5 86. Kh4 Qh1+ 87. Kg3 Rb3+ 88. Kf2
Rb2+ 89. Kg3 Qh2+ 90. Kf3 Qf2#) 0-1